 Dungeon Crawl Stone Soup version 0.31.0-9-g3a7656b989 (webtiles) character file.

Game seed: 7206449816079615523

4 TendrilsOfAgony the Sneak (level 1, -1/13 HPs)
             Began as a Vampire Enchanter on Jan 24, 2024.
             Slain by a jackal (3 damage)
             ... on level 1 of the Dungeon.
             The game lasted 00:00:31 (105 turns).

TendrilsOfAgony the Sneak (Vampire Enchanter)        Turns: 105, Time: 00:00:32

Health: -1/13      AC:  2    Str:  7    XL:     1   Next: 58%
Magic:  3/3        EV: 12    Int: 17    God:
Gold:   10         SH:  0    Dex: 14    Spells: 4/4 levels left

rFire   . . .        a - +1 dagger
rCold   . . .        (no shield)
rNeg    . . .        b - +0 robe
rPois   .            (no helmet)
rElec   .            (no cloak)
rCorr   .            (no gloves)
SInv    +            (no boots)
Will    .....        (no amulet)
Stlth   +++          (no ring)
HPRegen 0.42/turn    (no ring)
MPRegen 0.08/turn

%: no passive effects
@: healing quickly
A: alive, fangs 3, see invisible, vampiric 1
a: Exsanguinate


You were on level 1 of the Dungeon.
You visited 1 branch of the dungeon, and saw 1 of its levels.

You collected 10 gold pieces.

Inventory:

Hand Weapons
 a - a +1 dagger (weapon)
Armour
 b - a +0 robe (worn)
Scrolls
 d - a scroll of identify {unknown}
Potions
 c - 2 potions of invisibility


   Skills:
 + Level 1.5 Short Blades
 - Level 2.1 Dodging
 + Level 4.7 Stealth
 - Level 2.0 Spellcasting
 - Level 4.4 Hexes


You had 4 spell levels left.
You didn't know any spells.
Your spell library contained the following spells:

 Spells                   Type           Power      Damage    Failure   Level
 Confusing Touch          Hex            16%        N/A       10%         3
 Tukima's Dance           Hex            16%        N/A       10%         3
 Ensorcelled Hibernation  Hex/Ice        18%        N/A       12%         2
 Dazzling Flash           Conj/Hex       18%        N/A       24%         3


Dungeon Overview and Level Annotations

Branches:
Dungeon (1/15) Zot: 5895

Altars:


Innate Abilities, Weirdness & Mutations

Your natural rate of healing is accelerated.
You have razor-sharp teeth.
You have supernaturally acute eyesight. (SInv)
You are afflicted with vampirism.


Message History

You hit the hobgoblin.
You kill the hobgoblin!
You barely miss the jackal. The jackal closely misses you.
You hit the jackal.
The jackal is moderately wounded.
The jackal misses you.
You closely miss the jackal.
The jackal is moderately wounded.
The jackal barely misses you. The jackal bites you.
You take 1 damage, and have 7/13 hp.
You hit the jackal but do no damage. You bite the jackal, but do no damage.
The jackal is moderately wounded.
The jackal bites you.
You take 1 damage, and have 6/13 hp.
You miss the jackal. Your bite misses the jackal.
The jackal is moderately wounded.
The jackal bites you.
* * * LOW HITPOINT WARNING * * *
You take 3 damage, and have 3/13 hp.
You closely miss the jackal.
The jackal is moderately wounded.
The jackal bites you.
* * * LOW HITPOINT WARNING * * *
You take 1 damage, and have 2/13 hp.
You hit the jackal.
You kill the jackal!
You hit the jackal.
You kill the jackal!
You hit the jackal but do no damage. You bite the jackal, but do no damage.
The jackal bites you.
* * * LOW HITPOINT WARNING * * *
You take 1 damage, and have 1/13 hp.
Unknown command.
You closely miss the jackal. The jackal misses you.
You hit the jackal but do no damage. The jackal barely misses you. x2
You closely miss the jackal. The jackal barely misses you.
You hit the jackal but do no damage. You bite the jackal.
The jackal is almost dead.
The jackal bites you.
You die...

#.#.............
#.##...........h...
#.......##.........
######.####..h...##
#.# #........ #.#
#....>... #.#
#......#. #h#
#.###### #@# #..
#.####.....%#
#.#.........#
#.#.##......#
#.#.##......#
#[#.##......#
#.#.##......#
#.#.##......#
#.#'##......##


You could see a jackal.

Vanquished Creatures
  A hobgoblin (D:1)
  2 jackals (D:1)
  A frilled lizard (D:1)
4 creatures vanquished.

Notes
Turn   | Place    | Note
-------+----------+-------------------------------------------
     0 | D:1      | TendrilsOfAgony the Vampire Enchanter began the quest for
                  | the Orb.
     0 | D:1      | Reached XP level 1. HP: 13/13 MP: 3/3
   105 | D:1      | Slain by a jackal

Illustrated notes

Levels and vault maps discovered:
D:1:      dpeg_arrival_stone_temple_mockup, layout_basic

Action                     || total
---------------------------++-------
  Melee: Dagger            ||    23
         Bite              ||     5
   Stab: Sleeping          ||     1
 Armour: Robe              ||    14
  Dodge: Dodged            ||    18
